 Dungeon Crawl Stone Soup version 0.23.2-33-g5129a83184 (webtiles) character file.

Game seed: 7962751687861238835

3240 Aesthetico the Quickloader (level 9, -31/50 HPs)
             Began as a Vine Stalker Chaos Knight on July 18, 2019.
             Was a Plaything of Xom.
             Annihilated by a two-headed ogre
             ... wielding a +0 giant club
              (42 damage)
             ... on level 8 of the Dungeon.
             The game lasted 00:19:51 (5542 turns).

Aesthetico the Quickloader (VSCK)                   Turns: 5542, Time: 00:19:51

Health: -31/50     AC:  8    Str: 17    XL:     9   Next: 99%
Magic:  0/10       EV: 11    Int: 10    God:    Xom [..*...]
Gold:   497        SH:  0    Dex: 17    Spells: 8/8 levels left

rFire    . . .     SeeInvis +   a - +1 falchion (chaos)
rCold    . . .     Gourm    .   (no shield)
rNeg     + . .     Faith    .   r - +2 leather armour {rN+}
rPois    .         Spirit   +   o - +0 helmet
rElec    .         Reflect  .   (no cloak)
rCorr    .         Harm     .   (no gloves)
MR       +....                  d - +0 pair of boots
Stlth    ++........             (no amulet)
HPRegen  0.56/turn              q - +2 ring of dexterity
MPRegen  0.12/turn              x - ring of see invisible

@: no status effects
A: fangs 3, dopey 1, regeneration 1, shaggy fur 1, evolution 1, magic shield,
antimagic bite, no potion heal 3, rot immunity
a: Renounce Religion


You were on level 8 of the Dungeon.
You worshipped Xom.
You were a toy of Xom.
You were hungry.

You visited 1 branch of the dungeon, and saw 8 of its levels.

You collected 497 gold pieces.

Inventory:

Hand Weapons
 a - a +1 falchion of chaos (weapon)
 v - the +3 arbalest "Ipnerytrae" {chaos, Dex+3}
   (Xom gifted it to you on level 2 of the Dungeon)

   Each projectile launched from it has a different, random effect.
   It affects your dexterity (+3).
Missiles
 m - 55 bolts
 t - 50 poisoned needles
 w - a throwing net (quivered)
Armour
 d - a +0 pair of boots (worn)
 o - a +0 helmet (worn)
 r - a +2 leather armour of positive energy (worn)
Jewellery
 e - an uncursed ring of flight
 q - a +2 ring of dexterity (left hand)
 x - a ring of see invisible (right hand)
Wands
 i - a wand of random effects (8)
 s - a wand of digging (6)
 y - a wand of flame (7)
 z - a wand of polymorph (7)
Scrolls
 b - 2 scrolls of fear
 h - 6 scrolls of teleportation
 j - a scroll of remove curse
 n - 4 scrolls of identify
 p - a scroll of enchant weapon
Potions
 f - 3 potions of might
 g - a potion of ambrosia {unknown}
 k - a potion of haste
 l - 2 potions of heal wounds
 u - 2 potions of cancellation
Comestibles
 c - 14 rations


   Skills:
 - Level 7.1 Fighting
 + Level 7.2 Long Blades
 - Level 8.2 Crossbows
 - Level 1.5 Armour
 - Level 0.7 Dodging
 - Level 0.7 Stealth


You had 8 spell levels left.
You didn't know any spells.
Your spell library contained the following spells:

 Spells                   Type           Power        Failure   Level  Hunger
 Apportation              Tloc           #.....       41%         1    ##.....
 Summon Butterflies       Summ           #.......     41%         1    ##.....
 Lesser Beckoning         Tloc           #.........   80%         3    ####...
 Tukima's Dance           Hex            #.......     80%         3    ####...
 Alistair's Intoxication  Tmut/Pois      #.......     100%        5    ######.
 Invisibility             Hex            #.......     100%        6    #######


Dungeon Overview and Level Annotations

Branches:
Dungeon (8/15)             Temple (0/1) D:7
   Lair: D:8-11

Altars:
Dithmenos
Uskayaw
Xom


Innate Abilities, Weirdness & Mutations

You have razor-sharp teeth.
Your natural rate of healing is unusually fast.
When hurt, damage is shared between your health and your magic reserves.
Your bite disrupts and absorbs the magic of your enemies.
Potions cannot restore your health.
You are immune to rotting.
You are dopey. (Int -2)
You are covered in fur. (AC +1)
You evolve.


Message History

Your bat hits the two-headed ogre.
The two-headed ogre hits you with a +0 giant club!
The two-headed ogre barely misses you.
You hit the two-headed ogre but do no damage.
The two-headed ogre shakes off its lethargy.
The two-headed ogre goes berserk!
You bite the two-headed ogre, but do no damage.
The two-headed ogre is severely wounded.
The two-headed ogre barely misses you.
The two-headed ogre hits you with a +0 giant club!!
* * * LOW HITPOINT WARNING * * *
Your bat hits the two-headed ogre. Your bat hits the two-headed ogre.
Your bat hits the two-headed ogre but does no damage.
Your bat barely misses the two-headed ogre.
The two-headed ogre rages.
The two-headed ogre hits you with a +0 giant club!!!
Ouch! That really hurt!
You die...
Xom chortles!

#..# .. #..# ###.
#..# ...# #..#
...# #..# ...# #
#..##...####
#.#...b.......
#.##O#########
###....@.......
#......#########.#
#.####........ #.#
# #...#.######.#.#
#.#.#.#....#.#.#
#.#.#.#......#.#
#.#.#.##.....#.#
#.#.#.#.##...#.#
#.#.#........#.#


You could see a two-headed ogre (berserk).

Vanquished Creatures
  Pikel (D:7)
  Joseph (D:7)
  A dream sheep (shapeshifter) (D:7)
  A hippogriff (D:7)
  Duvessa (D:7)
  A black bear (D:7)
  2 sky beasts
  2 phantoms
  2 ice beasts (D:6)
  3 ogres
  A wyvern skeleton (D:8)
  3 scorpions
  2 howler monkeys
  3 crimson imps
  A bullfrog zombie (D:7)
  A hound (D:4)
  A jelly (D:5)
  3 orc priests
  A centaur skeleton (D:6)
  A gnoll shaman (D:5)
  2 orc wizards (D:6)
  2 worker ants
  2 iguanas
  A worker ant zombie (D:5)
  8 adders
  3 gnolls (D:5)
  3 shadow imps
  An ooze (D:2)
  4 adder skeletons
  3 worms
  A dart slug (D:3)
  5 leopard geckos
  23 orcs
  9 giant cockroaches
  8 goblins
  5 hobgoblins
  12 jackals
  2 quokkas
  A ball python (D:5)
  6 bats
  4 frilled lizards
  9 kobolds
  10 rats
156 creatures vanquished.

Vanquished Creatures (collateral kills)
  Dowan (D:7)
1 creature vanquished.

Vanquished Creatures (others)
  An orc (D:7)
  4 toadstools (D:3)
5 creatures vanquished.

Grand Total: 162 creatures vanquished

Notes
Turn   | Place    | Note
-------+----------+-------------------------------------------
     0 | D:1      | Aesthetico the Vine Stalker Chaos Knight began the quest
                  | for the Orb.
     0 | D:1      | Reached XP level 1. HP: 11/11 MP: 2/2
    21 | D:1      | XOM: harmless Air miscast
   100 | D:1      | XOM: divination: detect items
   107 | D:1      | Reached XP level 2. HP: 15/16 MP: 3/3
   332 | D:1      | XOM: harmless Erth miscast
   368 | D:1      | XOM: butterfly on damage
   369 | D:1      | XOM: smoke on damage
   392 | D:1      | Reached XP level 3. HP: 17/21 MP: 4/4
  1055 | D:2      | Gained mutation: Your natural rate of healing is unusually
                  | fast. [Vine Stalker growth]
  1055 | D:2      | Reached XP level 4. HP: 22/25 MP: 5/5
  1272 | D:2      | XOM: harmless Erth miscast
  1460 | D:2      | Found a shadowy altar of Dithmenos.
  1528 | D:2      | XOM: god gift: translucent arbalest {god gift}
  1529 | D:2      | Got a translucent arbalest {god gift}
  1530 | D:2      | Identified the +3 arbalest "Ipnerytrae" {chaos, Dex+3} (Xom
                  | gifted it to you on level 2 of the Dungeon)
  1890 | D:3      | Reached skill level 5 in Fighting
  1890 | D:3      | Reached XP level 5. HP: 26/30 MP: 4/6
  1982 | D:3      | XOM: silly message
  2199 | D:3      | XOM: 2-stop teleportation journey
  2257 | D:3      | Reached XP level 6. HP: 14/36 MP: 3/7
  2302 | D:3      | XOM: give mutations
  2302 | D:3      | Gained mutation: Scrolls take you a little longer to read.
                  | [Xom's mischief]
  2302 | D:3      | Gained mutation: You are covered in fur. (AC +1) [Xom's
                  | mischief]
  2302 | D:3      | Gained mutation: You are dopey. (Int -2) [Xom's mischief]
  2302 | D:3      | Gained mutation: Your body sometimes deteriorates upon
                  | taking damage. [Xom's mischief]
  2327 | D:3      | Found a hide-covered altar of Uskayaw.
  2368 | D:3      | XOM: mild Chrm miscast
  2464 | D:3      | XOM: harmless Tmut miscast
  2782 | D:4      | XOM: 1-stop teleportation journey
  2920 | D:4      | Found a shimmering altar of Xom.
  2952 | D:5      | Entered Level 5 of the Dungeon
  2960 | D:5      | Noticed a sky beast
  2970 | D:5      | Killed a sky beast
  2970 | D:5      | Reached XP level 7. HP: 36/42 MP: 8/8
  2994 | D:5      | Reached skill level 1 in Crossbows
  3068 | D:5      | Reached skill level 2 in Crossbows
  3095 | D:5      | XOM: fake destruction
  3096 | D:5      | Reached skill level 3 in Crossbows
  3099 | D:5      | XOM: smoke on damage
  3325 | D:5      | Reached skill level 4 in Crossbows
  3413 | D:5      | XOM: god gift: book of Party Tricks
  3581 | D:6      | Gained mutation: You have razor-sharp teeth. [Vine Stalker
                  | growth]
  3581 | D:6      | Reached XP level 8. HP: 44/46 MP: 9/9
  3586 | D:6      | XOM: scenery: create altars
  3615 | D:6      | XOM: confuse monster(s)
  3690 | D:6      | Reached skill level 5 in Crossbows
  3696 | D:6      | XOM: scenery: create altars
  3780 | D:6      | Reached skill level 6 in Crossbows
  3843 | D:6      | Lost mutation: Your body sometimes deteriorates upon taking
                  | damage. [potion of mutation]
  3843 | D:6      | Lost mutation: Scrolls take you a little longer to read.
                  | [potion of mutation]
  3843 | D:6      | Gained mutation: You evolve. [potion of mutation]
  3881 | D:6      | Reached skill level 7 in Crossbows
  4263 | D:7      | XOM: medium Hex miscast
  4345 | D:7      | Noticed a shapeshifter
  4345 | D:7      | a worker ant changed into a shapeshifter
  4345 | D:7      | Noticed a wind drake
  4345 | D:7      | a shapeshifter changed into a wind drake
  4351 | D:7      | XOM: harmless Ice miscast
  4353 | D:7      | XOM: potion effect (haste)
  4358 | D:7      | Noticed a dream sheep
  4358 | D:7      | a wind drake changed into a dream sheep
  4364 | D:7      | Killed a dream sheep
  4364 | D:7      | Reached skill level 8 in Crossbows
  4364 | D:7      | Reached XP level 9. HP: 31/50 MP: 6/10
  4449 | D:7      | Noticed Joseph
  4461 | D:7      | XOM: enchant monster (good)
  4463 | D:7      | Killed Joseph
  4546 | D:7      | Found a staircase to the Ecumenical Temple.
  4572 | D:7      | Noticed Pikel
  4578 | D:7      | Killed Pikel
  4917 | D:7      | XOM: 6-stop teleportation journey
  5003 | D:7      | Noticed Dowan
  5007 | D:7      | Noticed Duvessa
  5008 | D:7      | XOM: summons 9 friendly demons
  5016 | D:7      | Killed Duvessa
  5020 | D:7      | Killed Dowan
  5529 | D:8      | Noticed a two-headed ogre
  5531 | D:8      | XOM: divination: detect creatures
  5536 | D:8      | XOM: cast spell 'Summon Small Mammal'
  5542 | D:8      | Annihilated by a two-headed ogre

Skill      XL: |  1  2  3  4  5  6  7  8  9 |
---------------+----------------------------+-----
Fighting       | 3 4 5 7 |  7.1
Crossbows      | 4 8 |  8.2
Long Blades    | 7 |  7.2
Armour         | |  1.5
Dodging        | |  0.7
Stealth        | |  0.7

Action                   |  1- 3 |  4- 6 |  7- 9 || total
-------------------------+-------+-------+-------++-------
Melee: Falchion          |    83 |   155 |   237 ||   475
       Bite              |    19 |    59 |    90 ||   168
 Fire: Arbalest          |       |     2 |    23 ||    25
  Use: Scroll            |     3 |     4 |       ||     7
       Potion            |       |     7 |     5 ||    12
 Stab: Sleeping          |     1 |     2 |     1 ||     4
       Paralysed         |       |     1 |     3 ||     4
       Confused          |       |       |     1 ||     1
       Petrified         |       |       |     2 ||     2
       Petrifying        |       |       |     1 ||     1
  Eat: Chunk             |     1 |     6 |     8 ||    15
Armor: Leather armour    |    37 |    49 |    90 ||   176
Dodge: Dodged            |    51 |   109 |   133 ||   293
       Rpst.: Falchion   |    18 |    30 |    35 ||    83
